Map: Newkirk Precinct TE (Void)

Players

Musumeci

  • Race: Zerg Zerg
  • League: Diamond
  • Spawn Location: 5:00

Atakame - Winner!

  • Race: Terran Terran
  • League: Diamond
  • Spawn Location: 7:00

VOD

Have the link to the VOD?

Description

Time

  • Played on: Feb. 11, 2017, 4:18 p.m.
  • Length: 7:06
Show
View Real Time Build Order
Export as new Build Order

Musumeci Zerg 

Build Orders: Pool First 

Get SALT Encoding   

  12  0:01  Drone  
  13  0:08  Drone  
  14  0:14  Extractor  
  14  0:16  Drone  
  15  0:33  Spawning Pool  
  14  0:36  Extractor  
  14  0:39  Drone  
  15  1:13  Hatchery  
  15  1:17  Overlord  
  14  1:22  Drone, Extractor  
  14  1:23  Zergling x2, Extractor  
  16  1:36  Zergling x2  
  17  1:46  Zergling x2  
  18  1:52  Zergling x2  
  19  2:01  Zergling x2  
  20  2:20  Hatchery  
  19  2:25  Zergling x2  
  19  2:28  Queen  
  21  2:41  Zergling x6  
  21  2:42  Zergling x2  
  24  2:55  Hatchery  
  23  3:00  Zergling x2  
  19  3:29  Queen  
  19  3:30  Drone x3  
  25  3:46  Drone x2  
  25  3:54  Drone x2  
  27  4:12  Queen  
  29  4:22  Drone x2  
  29  4:24  Drone x2  
  33  4:31  Overlord x3  
  33  4:47  Extractor  
  33  4:50  Queen  
  33  4:51  Extractor, Roach Warren  
  32  4:53  Queen  
  34  5:19  Drone x8  
  34  5:20  Extractor  
  41  5:35  Drone x4  
  45  5:48  Roach x2  
  45  5:49  Roach  
  51  6:12  Overlord x3  
  51  6:23  Evolution Chamber  
  51  6:24  Roach, Evolution Chamber x2  
  50  6:27  Overlord  
  50  6:32  Ravager x3  
  53  6:38  Roach x3  
  54  6:45  Roach  
  54  6:46  Roach  
Show
View Real Time Build Order
Export as new Build Order

Atakame Terran - Winner!

Build Orders:  

Get SALT Encoding   

  12  0:01  SCV  
  13  0:13  SCV  
  14  0:18  Supply Depot  
  14  0:25  SCV  
  15  0:29  Refinery  
  15  0:40  SCV  
  16  0:46  Barracks  
  16  0:52  SCV  
  17  1:04  SCV  
  18  1:19  Barracks  
  18  1:31  Supply Depot  
  18  1:33  Marine  
  19  1:41  Bunker  
  19  1:43  SCV  
  20  1:51  Marine  
  21  1:57  Factory  
  21  2:06  Marine  
  22  2:08  Marine  
  22  2:12  SCV  
  23  2:24  Marine  
  23  2:26  Marine  
  25  2:42  Marine  
  25  2:43  Widow Mine  
  28  2:44  Marine  
  29  3:00  Marine  
  29  3:02  Marine  
  31  3:29  Starport  
  31  3:33  Marine  
  31  3:46  Orbital Command  
  31  3:53  Supply Depot  
  31  3:54  Refinery  
  31  3:59  Barracks Reactor  
  31  4:04  Factory Reactor  
  31  4:07  Barracks Tech Lab  
  31  4:14  Medivac  
  33  4:21  SCV, Command Center  
  34  4:29  Stimpack  
  34  4:34  SCV  
  34  4:35  Marine  
  36  4:39  Marine x2  
  38  4:48  Supply Depot  
  38  4:58  Marine  
  39  5:08  Supply Depot  
  39  5:09  Marine x2  
  41  5:17  Widow Mine x2  
  45  5:28  Marine x2  
  45  5:29  Marine  
  48  5:38  Medivac  
  50  5:45  Widow Mine  
  52  5:53  Marine x3  
  55  6:08  Widow Mine  
  55  6:10  Marine  
  55  6:11  Marine x2  
  60  6:12  SCV  
  60  6:14  Widow Mine  
  63  6:28  Marine  
Tags
 
Add a new tag
Caveats
  • Supply blocks, unpowered buildings, or Contaminate may cause inaccurate times.
  • Supply counts are checked every 10 seconds.